AoeStats
← Miss_Mulberry

Yucatan

510364439Analyzed
4v4 RM · 1d ago on Sep 30, 2026· 40m 27s· 8 players
Game mode
Random Map
Map size
Large (8 player)
Population
200
Speed
Normal
Resources
Standard
Victory
Conquest
Starting age
Dark Age
Ending age
Imperial Age
RankedLock teamsTeams togetherTeam positionsShared explorationLock speedFull tech treeHidden civsTurbo modeCheats
Victory
Defeat
🇩🇪 Mongols · Germany
1209
+11
🇩🇪 Franks · Germany
1143
+14
🇩🇪 Britons · Germany
1087
+16
🇩🇪 Persians · Germany
1063
+17
🇪🇸 Chinese · Spain
1121
-16
🇳🇴 Lithuanians · Norway
1100
-15
🇦🇹 Danes · Austria
1091
-14
🇬🇧 Japanese · United Kingdom
1058
-13
SMF
11:12 Feudal Age
18:33 Castle Age
19:50 Pikeman
22:24 Loom
23:38 Horse Collar
28:56 Double-Bit Axe
34:41 Bow Saw
38:26 Imperial Age
35:58 Heavy Plow
37:52 Scale Barding Armor
38:45 Forging
39:33 Chain Barding Armor
ronald.lama6
10:58 Feudal Age
16:20 Castle Age
14:35 Double-Bit Axe
16:34 Horse Collar
17:49 Wheelbarrow
18:28 Bow Saw
18:21 Heavy Plow
19:11 Hand Cart
23:30 Loom
24:08 Town Watch
26:24 Gold Mining
30:38 Imperial Age
30:34 Fletching
31:12 Ballistics
32:03 Bodkin Arrow
32:09 Padded Archer Armor
33:45 Bracer
34:01 Leather Archer Armor
36:42 Gold Shaft Mining
37:08 Ring Archer Armor
36:36 Elite Chu Ko Nu
38:34 Chemistry
38:42 Forging
38:32 Scale Mail Armor
38:33 Pikeman
39:23 Squires
40:00 Iron Casting
39:40 Chain Mail Armor
39:54 Conscription
House of Bebu
11:40 Feudal Age
11:28 Loom
16:24 Castle Age
15:00 Double-Bit Axe
14:57 Horse Collar
19:39 Bow Saw
23:21 Heavy Plow
26:58 Wheelbarrow
26:20 Pikeman
29:48 Gold Mining
29:49 Stone Mining
30:17 Fletching
32:46 Bodkin Arrow
32:52 Padded Archer Armor
33:39 Gold Shaft Mining
33:20 Forging
33:11 Scale Mail Armor
34:40 Leather Archer Armor
37:08 Imperial Age
34:25 Town Watch
35:21 Guard Tower
36:44 Iron Casting
36:09 Scale Mail Armor
36:33 Ballistics
36:09 Murder Holes
37:15 Treadmill Crane
38:15 Parthian Tactics
38:06 Bracer
38:45 Ring Archer Armor
39:49 Blast Furnace
39:03 Bloodlines
38:54 Husbandry
40:18 Thumb Ring
stYx
9:16 Loom
12:06 Feudal Age
16:00 Castle Age
14:25 Double-Bit Axe
16:14 Padded Archer Armor
23:14 Bow Saw
23:57 Elite Skirmisher
24:36 Fletching
25:02 Leather Archer Armor
26:39 Bodkin Arrow
29:06 Pikeman
30:08 Scale Mail Armor
42:04 Imperial Age
Miss_Mulberry
8:04 Loom
11:03 Feudal Age
15:47 Castle Age
15:38 Double-Bit Axe
16:02 Fletching
16:38 Pikeman
17:20 Squires
20:23 Bodkin Arrow
20:20 Crossbowman
27:16 Bow Saw
31:00 Padded Archer Armor
34:19 Ballistics
36:34 Yeomen
40:19 Imperial Age
38:16 Gold Mining
38:28 Horse Collar
38:42 Town Watch
39:36 Wheelbarrow
41:06 Bracer
Lady_Sunflower
10:49 Feudal Age
14:57 Castle Age
14:10 Loom
15:09 Double-Bit Axe
15:33 Horse Collar
17:12 Bow Saw
20:07 Heavy Plow
22:05 Wheelbarrow
24:42 Gold Mining
26:24 Gold Shaft Mining
25:40 Stone Mining
26:01 Scale Barding Armor
27:00 Bloodlines
26:51 Husbandry
28:58 Hand Cart
29:14 Forging
29:48 Town Watch
32:51 Imperial Age
33:25 Chain Barding Armor
34:47 Cavalier
36:07 Iron Casting
36:23 Plate Barding Armor
37:44 Caravan
39:39 Masonry
40:33 Blast Furnace
39:20 Savar
doneflamingo
10:52 Feudal Age
9:11 Loom
15:14 Castle Age
14:02 Double-Bit Axe
20:28 Wheelbarrow
21:42 Bow Saw
23:09 Forging
25:12 Scale Barding Armor
26:12 Hand Cart
28:22 Husbandry
33:16 Imperial Age
31:16 Chain Barding Armor
32:09 Iron Casting
31:44 Gold Mining
33:10 Fletching
33:25 Town Watch
34:59 Chemistry
33:35 Cavalier
35:09 Paladin
36:44 Plate Barding Armor
36:41 Town Patrol
37:12 Masonry
38:36 Blast Furnace
39:09 Conscription
40:26 Ballistics
40:39 Architecture
40:50 Chivalry
astig_aoe
9:17 Feudal Age
7:32 Loom
10:21 Double-Bit Axe
10:16 Horse Collar
18:43 Castle Age
18:32 Bloodlines
21:56 Wheelbarrow
22:26 Stone Mining
22:30 Gold Mining
22:43 Heavy Plow
23:43 Bow Saw
26:14 Fletching
31:01 Bodkin Arrow
34:37 Imperial Age
34:06 Gold Shaft Mining
34:03 Padded Archer Armor
35:30 Leather Archer Armor
36:09 Ballistics
36:59 Bracer
38:01 Chemistry
38:48 Thumb Ring
39:10 Parthian Tactics
38:34 Elite Mangudai
39:36 Conscription
Connection lost

Rejoining the realm…

Still unreachable

The connection could not be restored.

Session expired

The server has moved on; the page needs a fresh start.